 Dungeon Crawl Stone Soup version 0.21.1-1-g345015f (webtiles) character file.

70 robbits the Insei (level 4, 0/32 HPs)
             Began as a Demonspawn Transmuter on May 28, 2018.
             Succumbed to an adder's poison
             ... on level 3 of the Dungeon.
             The game lasted 00:04:22 (2874 turns).

robbits the Insei (Demonspawn Transmuter)           Turns: 2874, Time: 00:04:23

Health: 0/32       AC:  2    Str: 10    XL:     4   Next: 4%
Magic:  3/16       EV: 12    Int: 16    God:
Gold:   192        SH:  0    Dex: 13    Spells: 6/7 levels left

rFire    . . .     SeeInvis .     - Unarmed
rCold    . . .     Gourm    .   (no shield)
rNeg     . . .     Faith    .   b - +0 robe
rPois    .         Spirit   +   (no helmet)
rElec    .         Reflect  .   (no cloak)
rCorr    +         Harm     .   (no gloves)
MR       .....                  (boots currently unavailable)
Stlth    +.........             k - amulet of inaccuracy (curse)
HPRegen  0.10/turn              f - ring of resist corrosion
MPRegen  0.15/turn              m - ring of magical power

@: lethally poisoned (0 -> -13), appendage (expiring)
A: talons 3, foul stench 1, magic shield, rot immunity
a: End Transformation


You were on level 3 of the Dungeon.
You were not hungry.
You had grown temporary talons.
You visited 1 branch of the dungeon, and saw 3 of its levels.

You collected 192 gold pieces.

Inventory:

Missiles
 a - 12 arrows
Armour
 b - a +0 robe (worn)
Jewellery
 f - a ring of resist corrosion (left hand)
 k - a cursed amulet of inaccuracy (around neck)
 m - a ring of magical power (right hand)
 n - an uncursed amulet of rage {unknown}
Wands
 o - a wand of flame (14)
Scrolls
 e - a scroll of identify
 i - a scroll of enchant weapon
 l - a scroll of remove curse {unknown}
Potions
 g - a potion of might {unknown}
 h - a potion of resistance {unknown}
 j - 3 potions of haste
Books
 c - a book of Changes

   Spells                             Type                      Level
   a - Beastly Appendage              Transmutation                1
   b - Sticks to Snakes               Transmutation                2
   c - Spider Form                    Transmutation/Poison         3
   d - Ice Form                       Ice/Transmutation            4
   e - Blade Hands                    Transmutation                5
Comestibles
 d - 3 rations
 p - 4 chunks of flesh


   Skills:
 + Level 1.1 Fighting
 + Level 2.1 Dodging
 + Level 0.6 Stealth
 + Level 3.9 Unarmed Combat
 + Level 2.2 Spellcasting
 + Level 1.9 Transmutations


You had 6 spell levels left.
You knew the following spells:

 Your Spells              Type           Power        Failure   Level  Hunger
a - Beastly Appendage     Tmut           #.....       9%          1    #......


Dungeon Overview and Level Annotations

Branches:
Dungeon (3/15)

Altars:


Innate Abilities, Weirdness & Mutations

You may emit foul miasma when damaged in melee.
When hurt, damage is shared between your health and your magic reserves.
You are immune to rotting.
You have claws for feet.


Message History

* * * LOW HITPOINT WARNING * * *
You closely miss the adder.
The adder is lightly wounded.
* * * LOW HITPOINT WARNING * * *
You feel sick. The adder bites you.
* * * LOW HITPOINT WARNING * * *
The adder bites you.
You miss the adder. You claw the adder.
The adder is heavily wounded.
Your transformation is almost over.
* * * LOW HITPOINT WARNING * * *
You feel sick. The adder closely misses you.
You closely miss the adder.
The adder is heavily wounded.
The adder bites you.
You are more poisoned.
The adder poisons you!
You barely miss the adder. Your kick misses the adder.
The adder is heavily wounded.
You die...

#.......###.#######[##.#
#.#######....# ####.##.#
#.#### #.).....# ###.#
#.##.#### ##.#.# #.##...
##....# #.######
####.....## #.#
........<..######.#
###........@......#
..........S########
####.......# #.....#.#
#.##.##.# ........#
###### ###


You could see an adder.

Vanquished Creatures
  An adder (D:2)
  An ooze (D:1)
  A worm (D:2)
  2 dart slugs (D:1)
  2 leopard geckos
  5 orcs (D:3)
  A giant cockroach (D:1)
  6 goblins
  5 hobgoblins
  6 kobolds
  A ball python (D:1)
  6 bats
  A frilled lizard (D:2)
  6 rats
44 creatures vanquished.

Notes
Turn   | Place    | Note
-------+----------+-------------------------------------------
     0 | D:1      | robbits the Demonspawn Transmuter began the quest for the Orb.
     0 | D:1      | Reached XP level 1. HP: 15/15 MP: 3/3
   143 | D:1      | Reached skill level 3 in Unarmed Combat
   375 | D:1      | Gained mutation: You are immune to rotting. [demonic ancestry]
   375 | D:1      | Reached XP level 2. HP: 7/21 MP: 3/5
  1051 | D:1      | Gained mutation: You may emit foul miasma when damaged in melee. [demonic ancestry]
  1051 | D:1      | Reached XP level 3. HP: 12/26 MP: 6/6
  1598 | D:2      | HP: 1/26 [poisoned by an adder]
  2518 | D:3      | Gained mutation: When hurt, damage is shared between your health and your magic reserves. [demonic ancestry]
  2518 | D:3      | Reached XP level 4. HP: 5/32 MP: 7/7
  2872 | D:3      | HP: 1/32 [poisoned by an adder]
  2874 | D:3      | Succumbed to an adder's poison

Skill      XL: |  1  2  3 |
---------------+----------+-----
Unarmed Combat | 3 |  3.9
Dodging        | 2 |  2.1
Fighting       | |  1.1
Stealth        | |  0.6
Spellcasting   | |  2.2
Transmutations | |  1.9

Action                   |  1- 3 |  4- 6 || total
-------------------------+-------+-------++-------
Melee: Unarmed           |   145 |    31 ||   176
       Headbutt          |     4 |     1 ||     5
       Kick              |    18 |     1 ||    19
       Punch             |     2 |       ||     2
 Cast: Beastly Appendage |    19 |     4 ||    23
  Use: Scroll            |     4 |       ||     4
       Potion            |     2 |       ||     2
 Stab: Sleeping          |     1 |       ||     1
  Eat: Chunk             |     5 |     2 ||     7
Armor: Robe              |    34 |     3 ||    37
Dodge: Dodged            |    94 |    21 ||   115
